 Dungeon Crawl Stone Soup version 0.31-a0-188-g5e087ee2ca (webtiles) character file.

Game seed: 12403089816436943829

9 qw the Shooter (level 2, -3/16 HPs)
             Began as a Deep Elf Hunter on June 22, 2023.
             Slain by a goblin
             ... wielding a +0 club
             ... led by Robin
              (6 damage)
             ... on level 2 of the Dungeon.
             The game lasted 00:00:08 (726 turns).

qw the Shooter (Deep Elf Hunter)                     Turns: 726, Time: 00:00:09

Health: -3/16      AC:  9    Str:  8    XL:     2   Next: 3%
Magic:  4/4        EV: 10    Int: 13    God:
Gold:   69         SH:  0    Dex: 18    Spells: 1/1 levels left

rFire   . . .        Y - +0 shortbow
rCold   . . .        (shield currently unavailable)
rNeg    . . .        i - +0 ring mail
rPois   .            k - +2 helmet
rElec   .            (no cloak)
rCorr   .            (no gloves)
SInv    .            j - +0 pair of boots
Will    .....        (no amulet)
Stlth   +            (no ring)
HPRegen 0.22/turn    (no ring)
MPRegen 0.09/turn

%: no passive effects
@: no status effects
A: no striking features
a: no special abilities


You were on level 2 of the Dungeon.
You visited 1 branch of the dungeon, and saw 2 of its levels.

You collected 69 gold pieces.


   Skills:
 - Level 1.5 Fighting
 + Level 6.0 Ranged Weapons
 - Level 2.4 Dodging
 - Level 1.2 Stealth


You had one spell level left.
You didn't know any spells.
Your spell library was empty.

Inventory:

Hand Weapons
 Y - a +0 shortbow (weapon)
Armour
 i - a +0 ring mail (worn)
 j - a +0 pair of boots (worn)
 k - a +2 helmet (worn)
Potions
 d - a potion of mutation {unknown}
 e - a potion of degeneration {unknown}
 h - a potion of might {unknown}

Dungeon Overview and Level Annotations

Branches:
Dungeon (2/15)

Altars:

Annotations:
D:2 Robin


Message History

Done exploring.
700 ||| DROPPING scroll of butterflies.
You drop a scroll of butterflies.
Done exploring.
(D) Dungeon
Where to? (* - list waypoints, ? - help)
What level of the Dungeon? (default 1, ? - help)
There is a stone staircase leading down here.
You climb downwards.
Robin shouts!
The goblin shouts! x4; The hobgoblin shouts!
The goblin shouts! x3
The hobgoblin shouts! x2; The goblin shouts!
Found 10 gold pieces.
Found a stone staircase leading up.
There is a stone staircase leading up here.
There are monsters nearby!
Waypoint 1 assigned to D:2.
You shoot an arrow. The arrow hits the hobgoblin.
The hobgoblin is lightly wounded.
The hobgoblin barely misses you.
You shoot an arrow.
The arrow hits the hobgoblin but does no damage.
The hobgoblin is lightly wounded.
The goblin hits you but does no damage.
Robin roars a battlecry!
The goblins go into a battle-frenzy!
The hobgoblin closely misses you. The goblin hits you but does no damage.
You shoot an arrow. The arrow barely misses the hobgoblin.
The arrow hits the goblin.
You kill the goblin!
Robin throws the goblin at you! The goblin hits you with a +0 dagger.
The hobgoblin misses you. The goblin hits you but does no damage.
The hobgoblin closely misses you. The goblin hits you but does no damage.
You shoot an arrow. The arrow hits the hobgoblin.
You kill the hobgoblin!
The goblin barely misses you. The goblin hits you but does no damage.
The hobgoblin hits you. The goblin barely misses you.
The goblin hits you but does no damage. x3; The hobgoblin hits you.
Your Ranged Weapons skill increases to level 6!
You have reached level 2!
726 ||| STAIRDANCE The hobgoblin hits you but does no damage.
The goblin completely misses you. The goblin hits you with a +0 club.
You die...

##+#
##..g##
#..gg@#
#....ggg#
#..<..gggg#
+......g..+
#......g..#
##..$....##
##.....##
##...##


You could see Robin, 2 hobgoblins and 9 goblins.

Vanquished Creatures
  A hobgoblin (D:2)
  A ball python (D:1)
  A bat (D:1)
  A frilled lizard (D:1)
  4 goblins
  A rat (D:1)
9 creatures vanquished.

Notes
Turn   | Place    | Note
-------+----------+-------------------------------------------
     0 | D:1      | qw the Deep Elf Hunter began the quest for the Orb.
     0 | D:1      | Reached XP level 1. HP: 12/12 MP: 3/3
     0 | D:1      | 0 ||| qw: Version: 0.3-a-9-g12657ce
     0 | D:1      | 0 ||| qw: Game counter: 2924
     0 | D:1      | 0 ||| qw: Always use a shield: true
     0 | D:1      | 0 ||| qw: God list: Okawaru
     0 | D:1      | 0 ||| qw: Allow faded altars: false
     0 | D:1      | 0 ||| qw: Do Orc after D:15 true
     0 | D:1      | 0 ||| qw: Do second Lair branch before Depths: true
     0 | D:1      | 0 ||| qw: Lair rune preference: random
     0 | D:1      | 0 ||| qw: Plans: Normal
     0 | D:1      | 0 ||| PLANNING D:1-11
    25 | D:1      | Found a faded altar of an unknown god.
   672 | D:1      | 672 ||| UPGRADING to +0 ring mail.
   682 | D:1      | 682 ||| DROPPING +0 leather armour.
   683 | D:1      | 683 ||| UPGRADING to +0 pair of boots.
   688 | D:1      | 688 ||| UPGRADING to +2 helmet.
   693 | D:1      | 693 ||| READING scroll labelled WARIRISTRAU.
   694 | D:1      | 694 ||| READING scroll labelled SUTAMU YXYEBRAT.
   699 | D:1      | 699 ||| READING scroll labelled MITUPRUIG SUATEJ.
   700 | D:1      | 700 ||| DROPPING scroll of butterflies.
   721 | D:2      | Noticed Robin
   725 | D:2      | HP: 2/12 [hobgoblin[Robin] (4)]
   726 | D:2      | Reached skill level 6 in Ranged Weapons
   726 | D:2      | Reached XP level 2. HP: 3/16 MP: 4/4
   726 | D:2      | 726 ||| STAIRDANCE
   726 | D:2      | Slain by a goblin

Levels and vault maps discovered:
D:1:      dpeg_arrival_rooms_c, layout_loops_ring, shapermc_ecumenical_altar_gd
D:2:      layout_loops_corners, uniq_robin, uniq_sigmund

Skill      XL: |  1 |
---------------+----+-----
Ranged Weapons | 6 |  6.0
Fighting       | |  1.5
Dodging        | |  2.4
Stealth        | |  1.2

Action                     || total
---------------------------++-------
   Fire: Shortbow          ||    14
    Use: Scroll            ||     3
 Armour: Ring mail         ||    10
  Dodge: Dodged            ||     8

Table legend:
 A = Non-vault XP
 B = Vault XP
 C = Vault XP percentage of total XP
 D = Non-vault monster count
 E = Vault monster count
 F = Vault count percentage of total count
                 A         B        C        D         E       F
            +---------+---------+-------+---------+---------+-------
      Total |      11 |       2 |  15.4 |       8 |       1 |  11.1
            +---------+---------+-------+---------+---------+-------
        D:1 |       9 |       0 |   0.0 |       7 |       0 |   0.0
        D:2 |       2 |       2 |  50.0 |       1 |       1 |  50.0
            +---------+---------+-------+---------+---------+-------
